 Dungeon Crawl Stone Soup version 0.21-a0-437-ge5bf024 (webtiles) character file.

42 Rosaphim the Cudgeler (level 3, 0/29 HPs)
             Began as a Barachi Monk on Nov 9, 2017.
             Slain by an adder (5 damage)
             ... on level 2 of the Dungeon.
             The game lasted 00:03:47 (1215 turns).

Rosaphim the Cudgeler (Barachi Monk)                Turns: 1215, Time: 00:03:48

Health: 0/29       AC:  6    Str: 13    XL:     3   Next: 56%
Magic:  3/3        EV: 13    Int: 10    God:
Gold:   42         SH:  0    Dex: 14    Spells: 2/2 levels left

rFire    . . .     SeeInvis .   a - +0 mace
rCold    . . .     Gourm    .   (no shield)
rNeg     . . .     Faith    .   b - +0 robe
rPois    .         Spirit   .   (no helmet)
rElec    .         Reflect  .   (no cloak)
rCorr    .         Harm     .   (no gloves)
MR       .....                  (no boots)
Stlth    ++........             (no amulet)
HPRegen  0.09/turn              d - +4 ring of protection
MPRegen  0.08/turn              q - ring of wizardry

@: lethally poisoned (0 -> -2), slow
A: +LOS, swims, slowness 1, strong legs 1
a: Hop


You were on level 2 of the Dungeon.
You were hungry.

You visited 1 branch of the dungeon, and saw 2 of its levels.

You collected 42 gold pieces.

Inventory:

Hand Weapons
 a - a +0 mace (weapon)
Missiles
 o - 4 tomahawks (quivered)
Armour
 b - a +0 robe (worn)
Jewellery
 d - a +4 ring of protection (left hand)
 e - an uncursed ring of magical power
 q - a ring of wizardry (right hand)
Scrolls
 f - 2 scrolls of identify {unknown}
 m - a scroll of enchant weapon {unknown}
 r - a scroll of enchant armour {unknown}
Potions
 i - a potion of might {unknown}
 j - a potion of degeneration {unknown}
 k - a potion of heal wounds {unknown}
 n - 2 potions of ambrosia {unknown}
 p - a potion of agility {unknown}
Comestibles
 c - a bread ration
 h - a royal jelly
 l - 10 chunks of flesh


   Skills:
 - Level 3.6 Fighting
 + Level 4.9 Maces & Flails
 - Level 3.2 Dodging
 - Level 1.7 Stealth


You had 2 spell levels left.
You didn't know any spells.

Dungeon Overview and Level Annotations

Branches:
Dungeon (2/15)

Altars:


Innate Abilities, Weirdness & Mutations

Shadows flee at your approach. (+LOS)
You can swim through water.
You cover ground slowly.
You can hop short distances.


Message History

You hit the adder but do no damage.
The adder is lightly wounded.
The adder bites you.
* * * LOW HITPOINT WARNING * * *
You are poisoned.
The adder poisons you! The adder barely misses you.
You are feeling hungry.
You hit the adder.
The adder is heavily wounded.
You feel sick. The adder barely misses you.
You closely miss the adder.
The adder is heavily wounded.
The adder closely misses you. The adder barely misses you.
You miss the adder.
The adder is heavily wounded.
The adder closely misses you.
You miss the adder.
The adder is heavily wounded.
You feel sick. The adder barely misses you. The adder bites you.
You die...

...### . ###....##.#
....#..#.## #
#..#.....#.##
#....#......
#......#.#.. .
####........... .
#..(..###....## ##
###.#...@S......# .#
####....)#####......
.#####....#)### .##.
.##.........)#
.##..........#
.#....)......#
.#...........#
.............#
.##..........#


You could see an adder.

Vanquished Creatures
  An adder (D:2)
  A dart slug (D:2)
  2 giant cockroaches
  4 goblins
  4 hobgoblins
  A ball python (D:2)
  3 bats (D:1)
  5 frilled lizards
  8 kobolds
29 creatures vanquished.

Notes
Turn   | Place    | Note
-------+----------+-------------------------------------------
     0 | D:1      | Rosaphim the Barachi Monk began the quest for the Orb.
     0 | D:1      | Reached XP level 1. HP: 18/18 MP: 1/1
    75 | D:1      | Reached XP level 2. HP: 8/24 MP: 2/2
   111 | D:1      | Reached skill level 4 in Maces & Flails
  1101 | D:2      | Reached XP level 3. HP: 27/29 MP: 3/3
  1215 | D:2      | Slain by an adder

Vault maps used:
D:1:      dpeg_arrival_tiny_j, minmay_misc_feat_rows, minmay_shallow_snake_nest

Skill      XL: |  1  2 |
---------------+-------+-----
Maces & Flails | 4 |  4.9
Fighting       | |  3.6
Dodging        | |  3.2
Stealth        | |  1.7

Action                   || total
-------------------------++-------
Melee: Mace              ||   109
  Use: Potion            ||     1
 Stab: Sleeping          ||     2
  Eat: Chunk             ||     1
Armor: Robe              ||    45
Dodge: Dodged            ||   133

Table legend:
 A = Spawn XP
 B = Non-spawn XP
 C = Spawn XP percentage of total XP
 D = Spawn monster count
 E = Non-spawn monster count
 F = Spawn count percentage of total count
 G = Total turns spent on level
                    A         B        C        D         E        F      G
               +---------+---------+-------+---------+---------+-------+---------
         Total |       0 |      61 |   0.0 |       0 |      29 |   0.0 |  1215
               +---------+---------+-------+---------+---------+-------+---------
           D:1 |       0 |      32 |   0.0 |       0 |      20 |   0.0 |  1060
           D:2 |       0 |      29 |   0.0 |       0 |       9 |   0.0 |   155
               +---------+---------+-------+---------+---------+-------+---------
